 Dungeon Crawl Stone Soup version 0.17.1-3-g152610e (webtiles) character file.

27 inmateoo the Magician (level 2, -2/19 HPs)
             Began as a Demonspawn Wizard on Feb 22, 2016.
             Slain by a goblin
             ... wielding a +0 dagger
              (3 damage)
             ... on level 1 of the Dungeon.
             The game lasted 00:03:44 (837 turns).

inmateoo the Magician (Demonspawn Wizard)            Turns: 837, Time: 00:03:44

Health: -2/19      AC:  2    Str:  7    XL:     2   Next: 93%
Magic:  4/6        EV: 12    Int: 19    God:
Gold:   61         SH:  0    Dex: 11    Spells: 4 memorised, 0 levels left

rFire  . . .     SeeInvis .       - Unarmed
rCold  . . .     Clarity  .     a - +0 robe
rNeg   . . .     SustAt   .     (no shield)
rPois  .         Gourm    .     b - +0 hat
rElec  .         Spirit   .     (no cloak)
rCorr  .         Warding  .     (no gloves)
rMut   .         Stasis   .     (no boots)
MR     .....                    (no amulet)
Stlth  ++........               (no ring)
                                (no ring)

@: repel missiles, not resistant to hostile enchantments, unstealthy
A: horns 1
a: no special abilities


You were on level 1 of the Dungeon.
You were not hungry.

You visited 1 branch of the dungeon, and saw 2 of its levels.

You collected 61 gold pieces.

Inventory:

Armour
 a - a +0 robe (worn)
 b - a +0 hat (worn)
Scrolls
 e - a scroll of immolation {unknown}
 g - a scroll of remove curse
 h - a scroll of teleportation
 j - a scroll of identify {unknown}
Potions
 f - a potion of cancellation {unknown}
 k - a potion of cure mutation {unknown}
Books
 c - a book of Minor Magic

   Spells                             Type                      Level
   a - Magic Dart                     Conjuration                  1
   b - Blink                          Translocation                2
   c - Call Imp                       Summoning                    2
   d - Repel Missiles                 Charms/Air                   2
   e - Slow                           Hexes                        2
   f - Conjure Flame                  Conjuration/Fire             3
   g - Mephitic Cloud                 Conjuration/Poison/Air       3
Comestibles
 d - a bread ration
 i - a meat ration


   Skills:
 - Level 1.7 Dodging
 - Level 1.7 Stealth
 * Level 2.3 Unarmed Combat
 - Level 3.0 Spellcasting
 - Level 1.0 Conjurations
 - Level 1.0 Summonings
 - Level 0.8 Translocations


You couldn't memorise any spells.
You knew the following spells:

 Your Spells              Type           Power        Failure   Level  Hunger
a - Magic Dart            Conj           #...         12%         1    None
b - Blink                 Tloc           N/A          17%         2    ##.....
c - Call Imp              Summ           #.......     17%         2    ##.....
d - Repel Missiles        Chrm/Air       #.....       24%         2    ##.....


Dungeon Overview and Level Annotations

Branches:
Dungeon (2/15)

Altars:


Innate Abilities, Weirdness & Mutations

You have a pair of small horns on your head.


Message History

Press: ? - help, Shift-Dir - straight line, f/p - goblin
Aim: a goblin, wielding a club (lightly wounded)
The magic dart hits the goblin.
The goblin is heavily wounded.
The goblin hits you with a dagger. The goblin hits you with a club. x2
The giant newt bites you.
* * * LOW HITPOINT WARNING * * *
The goblin hits you but does no damage.
You climb upwards.
There is a stone staircase leading down here.
Press: ? - help, v - describe, . - travel
Here: a goblin, wielding a dagger (heavily wounded)
The floor.
Read which item? (? for menu, Esc to quit)
Okay, then.
The goblin hits you with a club.
* * * LOW HITPOINT WARNING * * *
The giant newt closely misses you. The goblin hits you with a dagger.
You die...

.........#.##.........##
.........#.##..........##########
.#...†...#.##....................
...#.....#.##..........##########
.#.......#.##..........# #####
...#.....#.##..........######...#
.#).##'###.##...................+
#.####.# #.##..gg......######...#
#.# #.###.####g@................
#.####.....####l######.#####.....
#....................)...# #.####
###.............######.### #.# ##
(.........#####........# #.# #.
..........# #........# #.# #.
..........############## #.# #.
...............# ##.## #(# #.
.....#########.# ##...## #.###.


You could see 3 goblins and a giant newt.

Vanquished Creatures
  An ooze (D:1)
  A giant gecko (D:1)
  3 bats
  3 goblins (D:1)
  3 hobgoblins (D:1)
  3 giant newts (D:1)
  3 jackals (D:1)
  2 kobolds (D:1)
  3 rats (D:1)
22 creatures vanquished.

Notes
Turn   | Place    | Note
--------------------------------------------------------------
     0 | D:1      | inmateoo the Demonspawn Wizard began the quest for the Orb.
     0 | D:1      | Reached XP level 1. HP: 13/13 MP: 4/4
    97 | D:1      | Reached skill level 1 in Unarmed Combat
   126 | D:1      | Gained mutation: You have a pair of small horns on your head. [demonic ancestry]
   126 | D:1      | Reached XP level 2. HP: 10/19 MP: 0/6
   404 | D:1      | Learned a level 2 spell: Blink
   407 | D:1      | Learned a level 2 spell: Call Imp
   410 | D:1      | Learned a level 2 spell: Repel Missiles
   837 | D:1      | Slain by a goblin

Action                   || total
-------------------------++-------
Melee: Unarmed           ||    32
 Cast: Magic Dart        ||    45
       Repel Missiles    ||     1
  Use: Scroll            ||     3
